 Dungeon Crawl Stone Soup version 0.31-a0-672-g7da72447bb (webtiles) character file.

Game seed: 13012907219445598254

520 Shayle the Changeling (level 7, -1/62 HPs)
             Began as an Ogre Shapeshifter on Sept 4, 2023.
             Slain by an ogre
             ... wielding a +0 giant club
              (18 damage)
             ... on level 4 of the Dungeon.
             The game lasted 00:10:38 (2743 turns).

Shayle the Changeling (Ogre Shapeshifter)           Turns: 2743, Time: 00:10:39

Health: -1/62      AC:  8    Str: 19    XL:     7   Next: 21%
Magic:  7/7        EV: 10    Int: 13    God:
Gold:   95         SH:  0    Dex:  8    Spells: 6/6 levels left

rFire   + . .        p - +2 dagger (elec)
rCold   . . .        (no shield)
rNeg    . . .        a - +1 animal skin
rPois   .            (helmet currently unavailable)
rElec   .            (cloak currently unavailable)
rCorr   .            (gloves unavailable)
SInv    .            (boots unavailable)
Will    .....        (no amulet)
Stlth   +            e - +4 ring of protection
HPRegen 0.30/turn    n - ring of protection from fire
MPRegen 0.10/turn

%: no passive effects
@: beast-form
A: beast (slay +2), large, unfitting armour, tough skin 1
a: Begin Untransformation


You were on level 4 of the Dungeon.
You were a hulking beast.
You visited 1 branch of the dungeon, and saw 4 of its levels.

You collected 150 gold pieces.
You spent 55 gold pieces at shops.

Inventory:

Hand Weapons
 p - a +2 dagger of electrocution (weapon)
Armour
 a - a +1 animal skin (worn)
Jewellery
 e - a +4 ring of protection (left hand)
 n - a ring of protection from fire (right hand)
Talismans
 c - a beast talisman (active)
 d - a flux talisman
Scrolls
 f - a scroll of enchant armour
 q - 2 scrolls of identify
Potions
 b - a potion of invisibility
 h - a potion of cancellation
 j - a potion of attraction
 k - a potion of brilliance
 l - a potion of might
 o - a potion of lignification


   Skills:
 - Level 1.3 Fighting
 + Level 4.3 Dodging
 + Level 4.6 Unarmed Combat
 + Level 4.8 Shapeshifting


You had 6 spell levels left.
You didn't know any spells.
Your spell library contained the following spells:

 Spells                   Type           Power      Damage    Failure   Level
 Blink                    Tloc           0%         N/A       43%         2
 Ensorcelled Hibernation  Hex/Ice        0%         N/A       43%         2
 Lesser Beckoning         Tloc           0%         N/A       43%         2
 Momentum Strike          Conj/Tloc      0%         3d8       43%         2
 Anguish                  Hex/Necr       0%         N/A       97%         4


Dungeon Overview and Level Annotations

Branches:
Dungeon (4/15)
 Temple: D:4-7

Altars:

Shops:
D:1 ?   D:3 ?


Innate Abilities, Weirdness & Mutations

You are a hulking beast.
Your limbs bulge with bestial killing power. (Slay +2)
You are too large for most types of armour.
You have tough skin. (AC +1)


Message History

The ogre shouts!
You hear an angry hiss.
An adder comes into view.
You hit the ogre.
The ogre is lightly wounded.
The ogre barely misses you.
You hit the ogre. Lightning courses through the ogre!
The ogre is severely wounded.
You hit the ogre.
The ogre is almost dead.
The ogre closely misses you. The adder bites you.
A river rat comes into view.
The adder attacks as it pursues you! The adder bites you but does no damage.
The adder bites you but does no damage.
You puncture the adder!
The adder is almost dead.
The adder barely misses you.
You barely miss the adder.
The adder is almost dead.
The adder bites you but does no damage.
You hit the adder.
You kill the adder!
You hit the ogre.
The ogre is almost dead.
The ogre hits you with a +0 giant club!
You closely miss the ogre.
The ogre is almost dead.
You barely miss the ogre.
The ogre is almost dead.
The ogre hits you with a +0 giant club!
* * * LOW HITPOINT WARNING * * *
You barely miss the ogre.
The ogre is almost dead.
The ogre barely misses you.
Okay, then.
You hit the ogre but do no damage.
The ogre is almost dead.
You hit the ogre.
The ogre is almost dead.
The ogre hits you with a +0 giant club!!
You die...

#..#####.#
#........#
#..###.###
#.. #.# #.#
#.# #.# #.#
#h# #O#
#r## #..#
##.#
#........#
#.......#.#
#.......#.#
#.......# #


You could see an ogre and a river rat.

Vanquished Creatures
  Grinder (D:3)
  A centaur (D:4)
  Jessica (D:3)
  An orc wizard (D:3)
  6 gnolls (D:3)
  2 adders
  4 worms
  A dart slug (D:1)
  5 orcs
  5 endoplasms
  5 giant cockroaches
  7 goblins
  8 hobgoblins
  11 jackals
  4 quokkas
  7 ball pythons
  11 bats
  4 frilled lizards
  4 kobolds
  8 rats
96 creatures vanquished.

Notes
Turn   | Place    | Note
-------+----------+-------------------------------------------
     0 | D:1      | Shayle the Ogre Shapeshifter began the quest for the Orb.
     0 | D:1      | Reached XP level 1. HP: 19/19 MP: 1/1
    73 | D:1      | Reached XP level 2. HP: 27/27 MP: 2/2
   351 | D:1      | Reached XP level 3. HP: 33/33 MP: 3/3
   531 | D:1      | Found Neaqalya's Magic Scroll Shop.
  1136 | D:2      | Reached XP level 4. HP: 38/41 MP: 4/4
  1581 | D:3      | Noticed Grinder
  1581 | D:3      | Paralysed by Grinder for 4 turns
  1595 | D:3      | Paralysed by Grinder for 5 turns
  1612 | D:3      | Paralysed by Grinder for 3 turns
  1617 | D:3      | Paralysed by Grinder for 3 turns
  1622 | D:3      | Killed Grinder
  1623 | D:3      | Reached XP level 5. HP: 48/48 MP: 5/5
  1623 | D:3      | Reached XP level 6. HP: 55/55 MP: 6/6
  1761 | D:3      | Found Alohowke's Magic Scroll Shop.
  1766 | D:3      | Bought a scroll of teleportation for 33 gold pieces
  1766 | D:3      | Bought a scroll of identify for 22 gold pieces
  2395 | D:3      | Noticed Jessica
  2419 | D:3      | Killed Jessica
  2645 | D:4      | Reached XP level 7. HP: 38/62 MP: 7/7
  2743 | D:4      | Slain by an ogre

Illustrated notes

Levels and vault maps discovered:
D:1:      shiori_shiawase, layout_basic, serial_shops, shop
D:2:      layout_rooms
D:3:      layout_loops_ring, serial_shops, shop, uniq_jessica, uniq_grinder
D:4:      corexii_shack_village, layout_loops_ring,
          minmay_temple_entry_sparse_star, portal_sewer_entry_a

Skill      XL: |  1  2  3  4  5  6 |
---------------+-------------------+-----
Dodging        | 2 3 4 |  4.3
Unarmed Combat | 3 4 |  4.6
Shapeshifting  | 4 |  4.8
Fighting       | |  1.3

Action                     |  1- 3 |  4- 6 |  7- 9 || total
---------------------------+-------+-------+-------++-------
  Melee: Unarmed           |   147 |    32 |       ||   179
         Punch             |     2 |     5 |       ||     7
         Dagger            |       |   191 |    22 ||   213
    Use: Potion            |       |     3 |       ||     3
         Scroll            |       |     8 |     2 ||    10
 Armour: Animal skin       |    99 |   152 |    14 ||   265
         Skin              |       |    17 |       ||    17
  Dodge: Dodged            |    77 |   116 |     7 ||   200

Table legend: (Time is in decaauts)
 A = Elapsed time spent in this place.
 B = Non-inter-level travel time spent in this place.
 C = Inter-level travel time spent in this place.
 D = Time resting spent in this place.
 E = Time spent auto-exploring this place.
 F = Levels seen in this place.
 G = Mean time per level.
                   A        B        C        D        E       F      G
               +--------+--------+--------+--------+--------+-----+--------+
         Total |   2728 |   2631 |     97 |     71 |   1614 |   4 |  682.0 |
       Dungeon |   2728 |   2631 |     97 |     71 |   1614 |   4 |  682.0 |
               +--------+--------+--------+--------+--------+-----+--------+

Top non-repeatable levels by time:
     D:3: 924 daAuts
     D:1: 903 daAuts
     D:2: 647 daAuts
     D:4: 252 daAuts
